 Dungeon Crawl Stone Soup version 0.18-a0-1060-g4fac74f (webtiles) character file.

5211 gorblad the Nimble (level 10, 0/90 HPs)
             Began as a Minotaur Fighter on Jan 13, 2016.
             Was a Believer of Elyvilon.
             Slain by a komodo dragon (21 damage)
             ... on level 1 of the Lair of Beasts.
             The game lasted 00:19:34 (7372 turns).

gorblad the Nimble (Minotaur Fighter)               Turns: 7372, Time: 00:19:34

Health: 0/90       AC:  9    Str: 24    XL:     10   Next: 35%
Magic:  0/9        EV: 12    Int:  5    God:    Elyvilon [**....]
Gold:   461        SH: 11    Dex: 10    Spells: 0 memorised, 9 levels left

rFire  . . .     SeeInvis .     a - +4 war axe (chop)
rCold  . . .     Gourm    .     b - +0 scale mail
rNeg   . . .     Faith    .     c - +0 shield
rPois  .         Spirit   +     (helmet restricted)
rElec  .         Dismiss  .     w - +0 cloak
rCorr  .         Reflect  .     (no gloves)
SustAt .         Harm     .     (no boots)
MR     .....                    s - amulet of guardian spirit
Stlth  ..........               (no ring)
                                (no ring)

@: not resistant to hostile enchantments, extremely unstealthy
A: retaliatory headbutt, horns 2
a: Lesser Healing, Heal Other, Divine Protection, Renounce Religion


You were on level 1 of the Lair of Beasts.
You worshipped Elyvilon.
Elyvilon was pleased with you.
You were not hungry.

You visited 2 branches of the dungeon, and saw 9 of its levels.
You also visited: Sewer.

You collected 461 gold pieces.

Inventory:

Hand Weapons
 a - a +4 war axe of chopping (weapon)
Armour
 b - a +0 scale mail (worn)
 c - a +0 shield (worn)
 t - a troll hide {Purgy}
 w - a +0 cloak (worn)
Jewellery
 s - an amulet of guardian spirit (around neck)
 x - an uncursed amulet of the gourmand
 A - an uncursed amulet of faith
 K - an uncursed ring of stealth {unknown}
Wands
 E - a wand of fireball (5/15)
 G - a wand of cold (6/15)
 H - a wand of confusion (16/48)
Scrolls
 g - 2 scrolls of blinking
 h - 3 scrolls of immolation
 k - 4 scrolls of magic mapping
 m - 5 scrolls of remove curse
 p - 3 scrolls of teleportation
 y - 3 scrolls of amnesia
 C - a scroll of fog
 D - a scroll of summoning {unknown}
 I - a scroll of identify
Potions
 d - a potion of might
 e - 3 potions of curing
 i - a potion of brilliance {unknown}
 j - 2 potions of ambrosia
 n - a potion of flight {unknown}
 o - a potion of poison
 q - 4 potions of cancellation
 z - a potion of mutation {unknown}
 F - a potion of heal wounds {unknown}
Books
 v - an Akashic Record

   Spells                             Type                      Level
   a - Dispersal                      Translocation                6
   b - Malign Gateway                 Summoning/Translocation      7
   c - Disjunction                    Translocation                8
   d - Controlled Blink               Translocation                8
Comestibles
 f - 4 bread rations
 l - 4 fruits
 r - 4 slices of pizza
 u - 3 beef jerkies
 B - a meat ration
 J - 3 chunks of flesh


   Skills:
 - Level 8.7 Fighting
 - Level 8.2 Axes
 + Level 8.7 Armour
 - Level 8.9 Dodging
 + Level 8.7 Shields


You had 9 spell levels left.
You didn't know any spells.

Dungeon Overview and Level Annotations

Branches:
Dungeon (8/15)             Temple (0/1) D:7            Lair (1/8) D:8

Altars:
Ashenzari
Elyvilon
Fedhas
Gozag
Nemelex Xobeh
Okawaru
Pakellas
Qazlal
Sif Muna
Zin
The Shining One


Innate Abilities, Weirdness & Mutations

You reflexively headbutt those who attack you in melee.
You have a pair of horns on your head.


Message History

The wolf is lightly wounded.
The wolf bites you. The komodo dragon bites you!!
* * * LOW HITPOINT WARNING * * *
The wolf bites you but does no damage.
You are too injured to fight recklessly!
Unknown command.
You are too injured to fight recklessly!
Unknown command.
You are too injured to fight recklessly!
Unknown command.
Drink which item? (? for menu, Esc to quit)
Okay, then.
You are healed.
You feel somewhat more hungry. The wolf bites you.
* * * LOW HITPOINT WARNING * * *
The komodo dragon bites you but does no damage.
The wolf closely misses you. You furiously retaliate!
You headbutt the wolf, but do no damage.
You are healed.
You feel somewhat more hungry. The wolf completely misses you.
The komodo dragon bites you!!
You die...

......#####............
..........[............
..##P..#.P.#.#.#...#P.#.
........................
###.....................
###.....................
........................
##.#..P.##.#..#.....P...
##.#.#.###..###@.......
............#..lh......
########P#...##..#...###
###..##..#..### .......
. # ##...### ## ####


You could see a komodo dragon and a wolf.

Vanquished Creatures
  2 spiny frogs (Lair:1)
  A fire drake (D:8)
  A komodo dragon (Lair:1)
  6 yaks (Lair:1)
  A hippogriff (D:8)
  2 porcupines (Lair:1)
  Purgy (Sewer)
  2 sky beasts
  2 phantoms (D:5)
  The ghost of pedritolo the Skirmisher, an amateur CeFi (Sewer)
  3 ogres
  3 centaurs
  A crocodile (Lair:1)
  8 giant frogs
  4 scorpions
  A wyvern skeleton (D:6)
  A killer bee (D:7)
  5 wights (D:7)
  2 crimson imps
  A giant frog zombie (D:7)
  2 giant frog skeletons (D:5)
  A hound (D:6)
  A jelly (D:8)
  An orc wizard (D:5)
  An iguana (D:4)
  6 worker ants
  A worker ant zombie (D:8)
  7 gnolls
  10 river rats (Lair:1)
  17 adders
  2 shadow imps
  An adder skeleton (D:4)
  A worm (D:6)
  3 giant geckos
  10 orcs
  A ball python (D:6)
  7 giant cockroaches
  7 goblins
  6 hobgoblins
  13 jackals
  4 kobolds
  5 quokkas
  8 bats
  A giant gecko zombie (D:6)
  8 giant newts
  2 quokka skeletons
  6 rats
  A bush (D:6)
181 creatures vanquished.

Vanquished Creatures (others)
  A lightning spire (D:2)
  2 bushes (D:2)
3 creatures vanquished.

Grand Total: 184 creatures vanquished

Notes
Turn   | Place    | Note
--------------------------------------------------------------
     0 | D:1      | gorblad the Minotaur Fighter began the quest for the Orb.
     0 | D:1      | Reached XP level 1. HP: 19/19 MP: 0/0
   321 | D:1      | Reached skill level 4 in Fighting
   401 | D:1      | Reached XP level 2. HP: 24/27 MP: 1/1
   873 | D:2      | Reached XP level 3. HP: 32/34 MP: 2/2
   975 | D:2      | Found an oddly glowing altar of Pakellas.
   976 | D:2      | Noticed a cyclops
  1152 | D:2      | Reached XP level 4. HP: 36/41 MP: 3/3
  1225 | D:2      | Found a faded altar to an unknown god.
  1235 | D:2      | Reached skill level 5 in Fighting
  1372 | D:3      | Found an opulent altar of Gozag.
  1386 | D:3      | Found a glowing drain.
  1415 | Sewer    | Entered a sewer
  1453 | Sewer    | Noticed Purgy
  1460 | Sewer    | Killed Purgy
  1460 | Sewer    | Reached skill level 5 in Axes
  1460 | Sewer    | Reached XP level 5. HP: 35/50 MP: 4/4
  1475 | Sewer    | Noticed pedritolo's ghost (amateur CeFi)
  1485 | Sewer    | Killed pedritolo's ghost
  1485 | Sewer    | Reached skill level 6 in Fighting
  1485 | Sewer    | Reached XP level 6. HP: 12/58 MP: 5/5
  2463 | D:4      | Reached skill level 7 in Fighting
  3077 | D:5      | Entered Level 5 of the Dungeon
  3156 | D:5      | Noticed a sky beast
  3164 | D:5      | Killed a sky beast
  3164 | D:5      | Reached XP level 7. HP: 60/66 MP: 6/6
  3497 | D:5      | Reached skill level 8 in Fighting
  3654 | D:5      | Reached XP level 8. HP: 35/75 MP: 7/7
  4077 | D:6      | Found a glowing golden altar of the Shining One.
  4096 | D:6      | Found a white marble altar of Elyvilon.
  4096 | D:6      | Found a shattered altar of Ashenzari.
  4098 | D:6      | Found a glowing silver altar of Zin.
  4098 | D:6      | Found a stormy altar of Qazlal.
  4106 | D:6      | Became a worshipper of Elyvilon the Healer
  4274 | D:6      | Reached skill level 5 in Dodging
  4406 | D:6      | Reached * piety under Elyvilon
  4465 | D:6      | Found a blossoming altar of Fedhas.
  4926 | D:7      | Found a staircase to the Ecumenical Temple.
  5171 | D:7      | Reached XP level 9. HP: 79/82 MP: 8/8
  5666 | D:7      | Reached ** piety under Elyvilon
  5668 | D:7      | Found a sparkling altar of Nemelex Xobeh.
  5679 | D:7      | Found a deep blue altar of Sif Muna.
  6044 | D:8      | Noticed a fire drake
  6047 | D:8      | Found a staircase to the Lair.
  6051 | D:8      | Killed a fire drake
  6054 | D:8      | Reached skill level 5 in Armour
  6058 | D:8      | Reached skill level 5 in Shields
  6408 | D:8      | Found an oddly glowing altar of Pakellas.
  6660 | D:8      | Found an iron altar of Okawaru.
  6736 | Lair:1   | Entered Level 1 of the Lair of Beasts
  6746 | Lair:1   | Noticed a spiny frog
  6754 | Lair:1   | Killed a spiny frog
  6927 | Lair:1   | Reached XP level 10. HP: 41/90 MP: 2/9
  7310 | Lair:1   | Noticed a spiny frog
  7320 | Lair:1   | Killed a spiny frog
  7372 | Lair:1   | Slain by a komodo dragon

Vault maps used:
D:1:      mrwooster_arrival_arrow, corexii_item_surrounded_by_moat, hex_tiny,
          solitary_fountain
D:2:      ecumenical_altar_1, gammafunk_pakellas_spire_experiment
D:3:      gup_sewer_entry_glass, first_bread, nicolae_gozag_seed_capital
D:4:      minmay_misc_feat_pillars
D:6:      fedhas_bush_and_centaur_altar, grunt_temple_overflow_open
D:7:      minitemple, minmay_temple_entry_fiery
D:8:      kennysheep_okawaru_gauntlet, marbit_many_paths,
          nicolae_overflow_hidden_temple, minmay_lair_entry_lava
Lair:1:   beast_lair_carwin_4, infiniplex_staircase_pool, serial_bayou_shore_a
Sewer:    sewer_co_purgy_island

Action                   |  1- 3 |  4- 6 |  7- 9 | 10-12 || total
-------------------------+-------+-------+-------+-------++-------
Melee: War axe           |    78 |   100 |   252 |    41 ||   471
Invok: Lesser Healing    |       |       |       |     2 ||     2
  Use: Scroll            |     5 |     7 |    10 |       ||    22
       Potion            |       |     2 |     2 |       ||     4
  Eat: Chunk             |     1 |     5 |    13 |     2 ||    21
